 Dungeon Sprint DCSS version 0.28-a0-476-g0f06bd746f (webtiles) character file.

Game seed: 3707373452499781484

3320 MikeHunt the Frost Mage (level 9, -7/71 HPs)
             Began as a Demonspawn Ice Elementalist on Sept 16, 2021.
             Was a High Priest of Sif Muna.
             Mangled by a two-headed ogre (15 damage)
             ... in the Dungeon (Sprint III: "The Ten Rune Challenge").
             The game lasted 00:07:15 (1675 turns).

MikeHunt the Frost Mage (DsIE)                      Turns: 1675, Time: 00:07:15

Health: -7/71      AC: 13    Str:  8    XL:     9   Next: 71%
Magic:  11/23      EV: 13    Int: 21    God:    Sif Muna [*****.]
Gold:   1524       SH:  4    Dex: 13    Spells: 14/28 levels left

rFire   . . .      SeeInvis .   m - +2 short sword (freeze)
rCold   . . .      Faith    .   (no shield)
rNeg    . . .      Spirit   .   a - +0 robe
rPois   .          Reflect  .   (helmet restricted)
rElec   +          Harm     .   (no cloak)
rCorr   .          Rampage  .   (no gloves)
Will    .....      NoTele   +   (no boots)
Stlth   ++........              (no amulet)
HPRegen 0.21/turn               (no ring)
MPRegen 0.18/turn               (no ring)

@: ice-armoured, freezing walls
A: antennae 1, rugged brown scales 2, condensation shield, electricity
resistance, MP-powered wands
a: Renounce Religion, Channel Magic, Forget Spell, Divine Exegesis


You were in the Dungeon.
You worshipped Sif Muna.
Sif Muna was extremely pleased with you.
You visited 1 branch You collected 1524 gold pieces.

Inventory:

Hand Weapons
 m - a +2 short sword of freezing (weapon)
Armour
 a - a +0 robe (worn)
Wands
 l - a wand of paralysis (5)
Scrolls
 g - a scroll of blinking
 h - 2 scrolls of torment {unknown}
 i - 2 scrolls of identify {unknown}
Potions
 b - 3 potions of curing
 c - 2 potions of heal wounds
 d - a potion of haste
 e - 2 potions of magic
 f - 2 potions of berserk rage
 j - a potion of flight {unknown}
 k - 5 potions of mutation


   Skills:
 - Level 5.0 Fighting
 - Level 5.0 Dodging
 - Level 1.7 Stealth
 + Level 10.2 Spellcasting
 + Level 9.7 Conjurations
 + Level 10.7 Ice Magic
 + Level 8.9 Earth Magic
 - Level 5.0 Invocations
 - Level 5.0 Evocations


You had 14 spell levels left.
You knew the following spells:

 Your Spells              Type           Power      Damage    Failure   Level
a - Hailstorm             Conj/Ice       52%        3d12      1%          4
b - Frozen Ramparts       Ice            100%       1d12      1%          3
e - Freeze                Ice            100%       1d11      1%          1
r - Stone Arrow           Conj/Erth      98%        3d13      1%          3
x - Ozocubu's Armour      Ice            54%        N/A       1%          3

Your spell library contained the following spells:

 Spells                   Type           Power      Damage    Failure   Level
 Magic Dart               Conj           100%       1d8       1%          1
 Sandblast                Erth           96%        2d20      1%          1
 Passwall                 Tmut/Erth      24%        N/A       1%          2
 Mephitic Cloud           Conj/Pois/Air  24%        N/A       4%          3
 Summon Ice Beast         Ice/Summ       33%        N/A       7%          4
 Fulminant Prism          Conj/Hex       15%        3d11      9%          4
 Call Imp                 Summ           10%        N/A       10%         2
 Animate Armour           Summ/Erth      58%        N/A       10%         4
 Airstrike                Air            5%         N/A       54%         4
 Animate Dead             Necr           5%         N/A       54%         4
 Dispel Undead            Necr           10%        3d9       54%         4
 Passage of Golubria      Tloc           N/A        N/A       54%         4
 Lehudib's Crystal Spear  Conj/Erth      24%        10d7      100%        8


Dungeon Overview and Level Annotations

Branches:
Dungeon (1/1)

Altars:
Cheibriados
Dithmenos
Elyvilon
Fedhas
Gozag
Hepliaklqana
Kikubaaqudgha
Makhleb
Nemelex Xobeh
Okawaru
Qazlal
Ru
Sif Muna
Trog
Uskayaw
Vehumet
Wu Jian
Xom
Yredelemnul
Zin
The Shining One
Beogh
Jiyva
Lugonu

Shops:
D :


Innate Abilities, Weirdness & Mutations

You have a pair of small antennae on your head.
You are mostly covered in rugged brown scales. (AC +2, +5% HP)
A meltable shield of frost defends you. (SH +4)
You are resistant to electric shocks. (rElec)
You expend magic power (3 MP) to strengthen your wands.


Message History

a +0 giant club; a +0 dire flail The two-headed ogre hits you with a +0 dire flail.
The two-headed ogre closely misses you.
There is an open door, spattered with blood here.
Things that are here:
a +0 giant spiked club; a +0 giant club
Things that are here:
a +0 dagger; a +0 robe; 8 gold pieces
Casting: Freeze (safe; 1% risk of failure)
Confirm with . or Enter, or press ? or * to list all spells.
Casting: Frozen Ramparts (safe; 1% risk of failure)
Press: ? - help, Dir - look around, f - activate The walls around you are covered in ice.
The wall freezes the two-headed ogre.
Casting: Frozen Ramparts (safe; 1% risk of failure)
Confirm with . or Enter, or press ? or * to list all spells.
A film of ice covers your body!
The wall freezes the two-headed ogre.
The two-headed ogre hits you with a +0 dire flail!!
The two-headed ogre hits you with a +0 giant club.
* * * LOW HITPOINT WARNING * * *
Casting: Ozocubu's Armour (safe; 1% risk of failure)
Confirm with . or Enter, or press ? or * to list all spells.
Aiming: Stone Arrow (safe; 1% risk of failure)
Press: ? - help, Shift-Dir - straight line, f - two-headed ogre
Aim: a two-headed ogre, wielding a +0 dire flail and a +0 giant club (lightly wounded, 89% to hit)
The stone arrow hits the two-headed ogre!
The two-headed ogre is moderately wounded.
The wall freezes the two-headed ogre!
You block the two-headed ogre's attack. x2
Casting: Stone Arrow (safe; 1% risk of failure)
Confirm with . or Enter, or press ? or * to list all spells.
Aiming: Stone Arrow (safe; 1% risk of failure)
Press: ? - help, Shift-Dir - straight line, f/p - two-headed ogre
Aim: a two-headed ogre, wielding a +0 dire flail and a +0 giant club (heavily wounded, 89% to hit)
The stone arrow hits the two-headed ogre!!
The two-headed ogre is severely wounded.
The wall freezes the two-headed ogre.
The two-headed ogre hits you with a +0 dire flail!
* * * LOW HITPOINT WARNING * * *
The two-headed ogre hits you with a +0 giant club!
You die...

▓ ▓▓▓ ♣♣ ♣.############ #####
.# .♣
♣♣.#___#___#__####.#∩##..+ .♣
..#...#__.#._#.........# ♣♣
♣♣.###)#)###'##.........#
♣♣♣♣..#..........#..........#
≈♣....'.⌠......)@#)#.#####..#
≈≈≈♣..#...######O#.##.# #.#
≈≈....#.⌠.#__#.))#'###########
≈.....#...#__#...#....#.#.#..
......#'###__#..)##)#).#.##.#
......#.).#__#..))##)#)#.##.#{
......#___#__'...#.))#..#..##
▓▓▓▓▓▓▓▓▓▓▓▓▓▓▓▓▓▓▓▓▓▓▓▓▓▓▓▓ {
{ {


You could see a two-headed ogre.

Vanquished Creatures
  4 orc sorcerers (D)
  A deep elf pyromancer (D)
  A shadow (D)
  A spatial vortex (D)
  2 orc warriors (D)
  A necrophage (D)
  3 two-headed ogres (D)
  A water elemental (D)
  A jelly (D)
  Jessica (D)
  A wizard (D)
  4 orc wizards (D)
  A necromancer (D)
  3 humans (D)
  A kobold demonologist (D)
  A phantom (D)
  8 orcs (D)
  An endoplasm (D)
  2 rats (D)
38 creatures vanquished.

Vanquished Creatures (others)
  A hydra (D)
  3 plants (D)
4 creatures vanquished.

Grand Total: 42 creatures vanquished

Notes
Turn   | Place    | Note
-------+----------+-------------------------------------------
     0 | D        | MikeHunt the Demonspawn Ice Elementalist began the quest
                  | for the Orb.
     0 | D        | Reached XP level 1. HP: 13/13 MP: 3/3
    49 | D        | Noticed Jessica
    56 | D        | Killed Jessica
    57 | D        | Reached skill level 5 in Ice Magic
    57 | D        | Gained mutation: You are partially covered in rugged brown
                  | scales. (AC +1, +3% HP) [demonic ancestry]
    57 | D        | Reached XP level 2. HP: 13/19 MP: 2/7
    57 | D        | Reached XP level 3. HP: 16/24 MP: 2/8
   115 | D        | Learned a level 3 spell: Frozen Ramparts
   206 | D        | Gained mutation: You are resistant to electric shocks.
                  | (rElec) [potion of mutation]
   206 | D        | Gained mutation: You expend magic power (3 MP) to
                  | strengthen your wands. [potion of mutation]
   206 | D        | Gained mutation: You have a pair of small horns on your
                  | head. [potion of mutation]
   262 | D        | Killed a seven-headed hydra
   294 | D        | Learned a level 3 spell: Ozocubu's Armour
   298 | D        | Learned a level 3 spell: Stone Arrow
   298 | D        | Noticed a water elemental
   304 | D        | Killed a water elemental
   305 | D        | Reached skill level 5 in Spellcasting
   305 | D        | Reached XP level 4. HP: 11/30 MP: 1/11
   446 | D        | Learned a level 4 spell: Hailstorm
   494 | D        | Found a radiant altar of Vehumet.
   495 | D        | Found a shimmering blue altar of Sif Muna.
   495 | D        | Found an ancient bone altar of Kikubaaqudgha.
   495 | D        | Noticed a wizard
   497 | D        | Killed a wizard
   498 | D        | Reached skill level 1 in Fighting
   500 | D        | Gained mutation: A meltable shield of frost defends you.
                  | (SH +4) [demonic ancestry]
   500 | D        | Reached XP level 5. HP: 25/38 MP: 5/13
   505 | D        | Became a worshipper of Sif Muna the Loreminder
   607 | D        | Found a shadowy altar of Dithmenos.
   607 | D        | Noticed a necrophage
   613 | D        | Killed a necrophage
   615 | D        | Found a basalt altar of Yredelemnul.
   615 | D        | Found a sacrificial altar of Ru.
   700 | D        | Noticed a deep elf pyromancer
   704 | D        | Killed a deep elf pyromancer
   704 | D        | Reached * piety under Sif Muna
   705 | D        | Reached skill level 5 in Conjurations
   705 | D        | Reached skill level 5 in Earth Magic
   705 | D        | Reached XP level 6. HP: 25/50 MP: 8/16
   705 | D        | Gained mutation: You are mostly covered in rugged brown
                  | scales. (AC +2, +5% HP) [demonic ancestry]
   705 | D        | Reached XP level 7. HP: 25/57 MP: 8/17
   873 | D        | Found a hide-covered altar of Uskayaw.
   873 | D        | Found an iron altar of Okawaru.
   873 | D        | Found a bloodstained altar of Trog.
   873 | D        | Found an ornate altar of the Wu Jian Council.
   873 | D        | Noticed a human
   875 | D        | Noticed a human
   879 | D        | Killed a human
   880 | D        | Reached skill level 5 in Fighting
   880 | D        | Reached skill level 5 in Dodging
   880 | D        | Reached skill level 5 in Invocations
   880 | D        | Killed a human
   962 | D        | Reached ** piety under Sif Muna
   979 | D        | Noticed a shadow
   980 | D        | Killed a shadow
   981 | D        | Reached XP level 8. HP: 60/65 MP: 15/19
   985 | D        | Found a blossoming altar of Fedhas.
   985 | D        | Found a stormy altar of Qazlal.
   986 | D        | Found a snail-covered altar of Cheibriados.
   986 | D        | Found a burning altar of Makhleb.
   986 | D        | Found a hazy altar of Hepliaklqana.
   986 | D        | Found a shimmering altar of Xom.
   986 | D        | Found an opulent altar of Gozag.
   986 | D        | Found a sparkling altar of Nemelex Xobeh.
   986 | D        | Found a corrupted altar of Lugonu.
   986 | D        | Found a viscous altar of Jiyva.
  1001 | D        | Reached skill level 5 in Evocations
  1158 | D        | Reached *** piety under Sif Muna
  1352 | D        | Reached **** piety under Sif Muna
  1359 | D        | Noticed an orc sorcerer
  1364 | D        | Killed an orc sorcerer
  1365 | D        | Lost mutation: You have a pair of small horns on your head.
                  | [demonic ancestry]
  1365 | D        | Gained mutation: You have a pair of small antennae on your
                  | head. [demonic ancestry]
  1365 | D        | Reached XP level 9. HP: 37/71 MP: 4/22
  1382 | D        | Reached ***** piety under Sif Muna
  1440 | D        | Received a gift from Sif Muna
  1478 | D        | Noticed an orc sorcerer
  1512 | D        | Killed an orc sorcerer
  1513 | D        | Reached skill level 10 in Ice Magic
  1534 | D        | Noticed an orc sorcerer
  1535 | D        | Noticed an orc sorcerer
  1538 | D        | Killed an orc sorcerer
  1539 | D        | Killed an orc sorcerer
  1540 | D        | Reached skill level 10 in Spellcasting
  1597 | D        | Received a gift from Sif Muna
  1601 | D        | Got Sif Muna's Thaumaturgy Continued {god gift}
  1625 | D        | Found Ubiopsir's Book Boutique.
  1655 | D        | Noticed a two-headed ogre
  1675 | D        | Mangled by a two-headed ogre

Illustrated notes

Levels and vault maps discovered:
D:        dungeon_sprint_mu [sprint_mu_entry_forest, sprint_mu_temple_rooms,
          sprint_mu_d1_spiders, sprint_mu_d2_genie, sprint_mu_d3_branching,
          sprint_mu_orc_legion, sprint_mu_elf_gauntlet, sprint_mu_hive_nellie,
          sprint_mu_lair_fedhas, sprint_mu_vaults_butterflies,
          sprint_mu_slime_circle, sprint_mu_swamp_cave, sprint_mu_snake_twists,
          sprint_mu_blade_basic, sprint_mu_crypt_chambers,
          sprint_mu_tomb_spiral, sprint_mu_vestibule_basic,
          sprint_mu_gehenna_hellfire, sprint_mu_dis_giant,
          sprint_mu_tartarus_statrot, sprint_mu_cocytus_islands, sprint_mu_zot1]

Skill      XL: |  1  2  3  4  5  6  7  8  9 |
---------------+----------------------------+-----
Ice Magic      | 5 6 7 8 9 10 | 10.7
Spellcasting   | 4 5 7 9 10 | 10.2
Conjurations   | 2 3 5 6 8 9 |  9.7
Earth Magic    | 2 5 7 8 |  8.9
Fighting       | 1 4 5 |  5.0
Dodging        | 2 4 5 |  5.0
Invocations    | 4 5 |  5.0
Evocations     | 3 4 5 |  5.0
Stealth        | |  1.7

Action                   |  1- 3 |  4- 6 |  7- 9 || total
-------------------------+-------+-------+-------++-------
Melee: Unarmed           |     7 |       |     3 ||    10
       Headbutt          |       |       |     1 ||     1
       Short sword       |       |       |    10 ||    10
 Cast: Freeze            |    19 |    12 |    25 ||    56
       Frozen Ramparts   |     3 |     4 |     8 ||    15
       Stone Arrow       |       |       |    20 ||    20
       Ozocubu's Armour  |       |       |     3 ||     3
Evoke: Wand              |       |       |     2 ||     2
  Use: Potion            |     1 |       |       ||     1
Armor: Robe              |     1 |     2 |     5 ||     8
Dodge: Dodged            |    15 |     8 |    17 ||    40
Block: Other             |       |     2 |     3 ||     5

Table legend: (Time is in decaauts)
 A = Elapsed time spent in this place.
 B = Non-inter-level travel time spent in this place.
 C = Inter-level travel time spent in this place.
 D = Time resting spent in this place.
 E = Time spent auto-exploring this place.
 F = Levels seen in this place.
 G = Mean time per level.
                   A        B        C        D        E       F      G
               +--------+--------+--------+--------+--------+-----+--------+
         Total |   1679 |   1679 |      0 |   1224 |      0 |   1 | 1679.0 |
       Dungeon |   1679 |   1679 |      0 |   1224 |      0 |   1 | 1679.0 |
               +--------+--------+--------+--------+--------+-----+--------+

Top non-repeatable levels by time:
       D: 1679 daAuts
